 Dungeon Crawl Stone Soup version 0.29-a0-284-gf9362112df (webtiles) character file.

Game seed: 10106174960363271079

1669 sammy202020 the Skirmisher (level 9, 0/56 HPs)
             Began as a Gargoyle Berserker on Mar 20, 2022.
             Was a Believer of Trog.
             Slain by a yak (9 damage)
             ... on level 6 of the Dungeon on Mar 21, 2022.
             The game lasted 00:08:41 (6132 turns).

sammy202020 the Skirmisher (Gargoyle Berserker)     Turns: 6132, Time: 00:08:41

Health: 0/56       AC: 21    Str: 30    XL:     9   Next: 1%
Magic:  9/9        EV:  6    Int: 11    God:    Trog [**....]
Gold:   211        SH: 13    Dex:  9    Spells: 8/8 levels left

rFire   . . .      SeeInvis .   m - +7 mace of Oenomania {vorpal, rN+}
rCold   . . .      Faith    .   j - +1 tower shield
rNeg    + + .      Spirit   .   t - +2 chain mail of the Poles {Str+2}
rPois   ∞          Reflect  .   (no helmet)
rElec   +          Harm     .   v - scarf {repulsion}
rCorr   .          Rampage  .   p - +0 pair of gloves
Will    .....                   q - +0 pair of boots
Stlth   ..........              (no amulet)
HPRegen 0.18/turn               b - +6 ring of strength
MPRegen 0.11/turn               (no ring)

@: on berserk cooldown, slowed, repel missiles, very slow
A: sickness immunity, AC +6, negative energy resistance 1, electricity
resistance, torment resistance 1, petrification resistance
a: Renounce Religion, Berserk, Trog's Hand


You were on level 6 of the Dungeon.
You worshipped Trog.
Trog was pleased with you.
You visited 1 branch of the dungeon, and saw 6 of its levels.

You collected 211 gold pieces.

Inventory:

Hand Weapons
 a - a +0 mace of chaos
 i - the +8 longbow of the Ecumenical Temple {vorpal, Str-3 Int-4 Dex+8 SInv}
   (You found it on level 2 of the Dungeon)

   Any ammunition fired from it inflicts extra damage upon your enemies.
   Str:       It affects your strength (-3).
   Int:       It affects your intelligence (-4).
   Dex:       It affects your dexterity (+8).
   SInv:      It lets you see invisible.
 m - the +7 mace of Oenomania (weapon) {vorpal, rN+}
   (You found it on level 3 of the Dungeon)

   It inflicts extra damage upon your enemies.
   rN:        It protects you from negative energy.
 x - a +3 flail of venom
Missiles
 c - 2 throwing nets (quivered)
Armour
 h - a +0 cloak
 j - a +1 tower shield (worn)
 p - a +0 pair of gloves (worn)
 q - a +0 pair of boots (worn)
 t - the +2 chain mail of the Poles (worn) {Str+2}
   (You found it on level 4 of the Dungeon)

   Str:       It affects your strength (+2).
 u - a +0 scale mail of cold resistance
 v - a scarf of repulsion (worn)
Jewellery
 b - a +6 ring of strength (left hand)
 k - a ring of fire
Wands
 y - a wand of polymorph (2)
Scrolls
 d - a scroll of teleportation
 s - a scroll of blinking
Potions
 e - 3 potions of curing
 f - a potion of degeneration
 g - 2 potions of heal wounds {unknown}
 l - a potion of mutation {unknown}
 n - a potion of flight {unknown}
 o - 2 potions of brilliance
 r - a potion of resistance {unknown}
 z - a potion of attraction {unknown}


   Skills:
 * Level 6.6 Fighting
 * Level 6.0 Maces & Flails
 * Level 6.0 Armour
 + Level 3.4 Dodging
 * Level 5.3 Shields


You had 8 spell levels left.
You didn't know any spells.
Your spell library was empty.

Dungeon Overview and Level Annotations

Branches:
Dungeon (6/15)
 Temple: D:4-7

Altars:
Okawaru
Trog

Annotations:
D:6 1 transporter, AlmostDecent's ghost, novice TeFi


Innate Abilities, Weirdness & Mutations

You are immune to sickness and miasma.
Your stone body is resilient. (AC +6)
You are immune to poison.
You resist negative energy. (rN+)
You are resistant to electric shocks. (rElec)
You are resistant to unholy torment.
You are immune to petrification.


Message History

Your skin crawls.
You feel strong-willed. The yak gores you but does no damage.
You hit the yak.
The yak is lightly wounded.
You block the yak's attack.
A red film seems to cover your vision as you go berserk!
You feel yourself moving faster!
You feel mighty! The yak closely misses you.
You thump the yak!
The yak is heavily wounded.
The yak gores you.
* * * LOW HITPOINT WARNING * * *
You sock the yak!
The yak is almost dead.
You feel the effects of Trog's Hand fading.
The yak barely misses you.
You sock the yak!
You feel the power of Trog in you as your rage grows.
You kill the yak!
Trog accepts your kill.
Your Maces & Flails skill increases to level 6!
Your Armour skill increases to level 6!
You have reached level 9!
Your experience leads to an increase in your attributes!
Your base attributes are Str 22, Int 9, Dex 9.
Increase (S)trength, (I)ntelligence, or (D)exterity?
You feel clever. x2
You feel a strong urge to attack something.
The yak gores you but does no damage. You block the yak's attack.
You hit the yak.
The yak is lightly wounded.
You block the yak's attack. The yak gores you!
* * * LOW HITPOINT WARNING * * *
You feel a strong urge to attack something.
You are no longer berserk.
You are exhausted.
You feel yourself slow down.
Your skin stops crawling.
You feel less strong-willed. You block the yak's attack. The yak gores you!
You die...

.......).#.≈♣≈..........#......
.......#s#.P≈≈..........#......
..[...s#..# ..........#......
.......##Y#♣ ..........#......
....... #..# .........####....
.......###.####................
...........Y†sY................
..........#.##Y#+####..########
.......#Y.#@#.......#O.... #
.......##.#.#.......#W.##. #
#...... #...#.......#O#..# #
#...... ##..........#O#..# #
#..#... #.........©#!.##. #
#..#... ##.........#!).. #
#........©#..## #
#..........#.#. #
+..........#.#. #


You could see 2 yaks and a scorpion.

Vanquished Creatures
  Sigmund (D:4)
  A yak (D:6)
  A steam dragon (D:6)
  Edmund (D:4)
  A sky beast (D:5)
  An ogre (D:4)
  A centaur (D:5)
  A phantom (D:6)
  Blork the orc (D:5)
  A necrophage (D:5)
  A scorpion (D:6)
  A bullfrog (D:6)
  An electric eel (D:6)
  2 orc priests
  3 hounds
  Crazy Yiuf (D:3)
  A jelly (D:5)
  An iguana (D:4)
  2 orc wizards
  10 adders
  A gnoll (D:5)
  2 shadow imps (D:5)
  2 ufetubi
  A worm (D:2)
  2 dart slugs
  6 orcs
  4 endoplasms (D:2)
  2 giant cockroaches
  6 hobgoblins
  8 jackals
  13 kobolds
  2 quokkas
  6 ball pythons
  3 bats
  2 frilled lizards (D:1)
  4 goblins
  4 rats
101 creatures vanquished.

Vanquished Creatures (others)
  2 plants (D:6)
2 creatures vanquished.

Grand Total: 103 creatures vanquished

Notes
Turn   | Place    | Note
-------+----------+-------------------------------------------
     0 | D:1      | sammy202020 the Gargoyle Berserker began the quest for the
                  | Orb.
     0 | D:1      | Reached XP level 1. HP: 14/14 MP: 1/1
   471 | D:1      | Reached XP level 2. HP: 19/19 MP: 2/2
  1405 | D:1      | Reached XP level 3. HP: 24/24 MP: 3/3
  1638 | D:2      | Identified the +8 longbow of the Ecumenical Temple {vorpal,
                  | Str-3 Int-4 Dex+8 SInv}
  1687 | D:2      | Reached ** piety under Trog
  2604 | D:2      | Reached skill level 1 in Shields
  2604 | D:2      | Reached XP level 4. HP: 22/29 MP: 4/4
  3085 | D:3      | Found a runed translucent door.
  3085 | D:3      | Noticed Crazy Yiuf
  3095 | D:3      | Killed Crazy Yiuf
  3096 | D:3      | Reached XP level 5. HP: 6/33 MP: 5/5
  3120 | D:3      | Identified the +7 mace of Oenomania {vorpal, rN+}
  3818 | D:4      | Noticed Sigmund
  3821 | D:4      | Noticed an ogre
  3828 | D:4      | Killed Sigmund
  3829 | D:4      | Reached XP level 6. HP: 37/39 MP: 6/6
  3843 | D:4      | Identified the +2 chain mail of the Poles {Str+2}
  4002 | D:4      | Found a bloodstained altar of Trog.
  4079 | D:4      | Reached XP level 7. HP: 44/44 MP: 7/7
  4203 | D:4      | Noticed Edmund
  4214 | D:4      | Killed Edmund
  4215 | D:4      | Reached skill level 5 in Fighting
  4606 | D:5      | Entered Level 5 of the Dungeon
  4779 | D:5      | Reached skill level 5 in Maces & Flails
  4877 | D:5      | Reached XP level 8. HP: 50/50 MP: 8/8
  4880 | D:5      | Reached skill level 5 in Armour
  4950 | D:5      | Found an iron altar of Okawaru.
  5067 | D:5      | Noticed Blork the orc
  5082 | D:5      | Killed Blork the orc
  5952 | D:6      | Reached *** piety under Trog
  5972 | D:6      | Reached skill level 5 in Shields
  6017 | D:6      | Found a transporter.
  6072 | D:6      | Noticed AlmostDecent's ghost (novice TeFi)
  6073 | D:6      | Identified the +11 dire flail of the Unliving {freeze,
                  | Str+4 Int+2 Dex-3 Stlth+}
  6073 | D:6      | Identified the +7 dire flail of Inconvenience {speed,
                  | *Noise rElec rF- rN+++}
  6073 | D:6      | Noticed a two-headed ogre
  6101 | D:6      | Noticed a yak
  6102 | D:6      | Noticed a yak
  6103 | D:6      | Noticed a yak
  6103 | D:6      | Noticed a yak
  6103 | D:6      | Noticed a yak
  6125 | D:6      | Killed a yak
  6126 | D:6      | Reached XP level 9. HP: 16/56 MP: 9/9
  6132 | D:6      | Slain by a yak

Illustrated notes

Levels and vault maps discovered:
D:1:      evilmike_arrival_crescent, layout_basic
D:2:      layout_basic, st_stairs_6, minmay_octomino_e4
D:3:      layout_loops_ring, uniq_crazy_yiuf_cottage
D:4:      layout_basic, bloody_trog, uniq_sigmund, uniq_edmund
D:5:      layout_loops_ring, mainiacjoe_overflow_boulevard, uniq_blork_the_orc
D:6:      layout_basic, mainiacjoe_overflow_alcove_2,
          minmay_temple_entry_from_below_b, serial_bayou, serial_bayou_pond_e,
          serial_bayou_lagoon_a, serial_bayou_pond_e, serial_bayou_pond_e,
          gammafunk_ghost_smash

Skill      XL: |  1  2  3  4  5  6  7  8 |
---------------+-------------------------+-----
Armour         | 3 4 6 |  6.0
Dodging        | 2 3 |  3.4
Shields        | 1 2 3 4 5 |  5.3
Fighting       | 4 5 6 |  6.6
Maces & Flails | 4 5 6 |  6.0

Action                   |  1- 3 |  4- 6 |  7- 9 || total
-------------------------+-------+-------+-------++-------
Melee: Mace              |   127 |    68 |    97 ||   292
       Punch             |     1 |       |       ||     1
       Unarmed           |       |     7 |     9 ||    16
Invok: Berserk           |     2 |     2 |     2 ||     6
       Trog's Hand       |       |     1 |     2 ||     3
  Use: Scroll            |       |     5 |     7 ||    12
Armor: Animal skin       |    51 |       |       ||    51
       Ring mail         |     7 |    39 |       ||    46
       Chain mail        |       |     2 |    75 ||    77
Dodge: Dodged            |    80 |    21 |    25 ||   126
       Repelled          |       |       |     1 ||     1
Block: Tower shield      |    19 |    45 |    61 ||   125

Table legend: (Time is in decaauts)
 A = Elapsed time spent in this place.
 B = Non-inter-level travel time spent in this place.
 C = Inter-level travel time spent in this place.
 D = Time resting spent in this place.
 E = Time spent auto-exploring this place.
 F = Levels seen in this place.
 G = Mean time per level.
                   A        B        C        D        E       F      G
               +--------+--------+--------+--------+--------+-----+--------+
         Total |   6307 |   6179 |    128 |    889 |   4286 |   6 | 1051.2 |
       Dungeon |   6307 |   6179 |    128 |    889 |   4286 |   6 | 1051.2 |
               +--------+--------+--------+--------+--------+-----+--------+

Top non-repeatable levels by time:
     D:1: 1581 daAuts
     D:2: 1432 daAuts
     D:5: 1221 daAuts
     D:3: 900 daAuts
     D:4: 820 daAuts
     D:6: 351 daAuts
